 Dungeon Crawl Stone Soup version 0.18.1-1-g2f07953 (webtiles) character file.

192 MDvedh the Spear-Bearer (level 5, 0/57 HPs)
             Began as a Merfolk Gladiator on May 7, 2016.
             Slain by MDvedh's ghost (11 damage)
             ... on level 4 of the Dungeon.
             The game lasted 00:04:41 (3401 turns).

MDvedh the Spear-Bearer (Merfolk Gladiator)         Turns: 3401, Time: 00:04:42

Health: 0/57       AC:  8    Str: 19    XL:     5   Next: 71%
Magic:  5/5        EV: 13    Int:  7    God:
Gold:   55         SH:  0    Dex: 15    Spells: 0 memorised, 4 levels left

rFire  . . .     SeeInvis .     a - +0 trident
rCold  . . .     Gourm    .     y - +0 ring mail (curse)
rNeg   + . .     Faith    .     (no shield)
rPois  .         Spirit   .     c - +0 helmet
rElec  .         Dismiss  .     (no cloak)
rCorr  .         Reflect  .     p - +1 pair of gloves
SustAt .         Harm     .     (no boots)
MR     .....                    (no amulet)
Stlth  ..........               (no ring)
                                w - ring of positive energy

@: berserking, very quick, not resistant to hostile enchantments, extremely
unstealthy
A: change form in water, swift swim, weak 1
a: no special abilities


You were on level 4 of the Dungeon.
You were not hungry.

You visited 1 branch of the dungeon, and saw 4 of its levels.

You collected 205 gold pieces.
You spent 150 gold pieces at shops.

Inventory:

Hand Weapons
 a - a +0 trident (weapon)
Missiles
 d - 3 throwing nets (quivered)
Armour
 c - a +0 helmet (worn)
 p - a +1 pair of gloves (worn)
 y - a cursed +0 ring mail (worn)
Jewellery
 w - a ring of positive energy (left hand)
Scrolls
 b - a scroll of fog {unknown}
 e - 2 scrolls of enchant weapon
 h - 2 scrolls of amnesia {unknown}
 i - a scroll of enchant armour {unknown}
 k - 2 scrolls of remove curse
 s - a scroll of recharging {unknown}
 A - a scroll of teleportation {unknown}
 B - a scroll of identify
Potions
 j - 2 potions of magic
 l - 2 potions of berserk rage
 m - a potion of experience {unknown}
 o - a potion of haste {unknown}
 q - a potion of agility
 r - 3 potions of lignification
 t - 2 potions of cancellation
 v - a potion of flight {unknown}
 z - a potion of cure mutation
Comestibles
 f - 4 bread rations
 g - 2 beef jerkies
 n - 4 meat rations
 x - a slice of pizza


   Skills:
 - Level 2.1 Fighting
 + Level 9.0 Polearms
 - Level 2.0 Throwing
 - Level 4.0 Dodging


You had 4 spell levels left.
You didn't know any spells.

Dungeon Overview and Level Annotations

Branches:
Dungeon (4/15)
 Temple: D:4-7

Altars:
Pakellas

Shops:
D:4 ?

Annotations:
D:4 MDvedh's ghost, novice GrFi


Innate Abilities, Weirdness & Mutations

You revert to your normal form in water.
You are very nimble and swift while swimming.
You are weak. (Str -2)


Message History

Drink which item? (? for menu, Esc to quit)
A red film seems to cover your vision as you go berserk!
You feel yourself moving faster!
You feel mighty! MDvedh's ghost hits you!
You barely miss MDvedh's ghost. MDvedh's ghost hits you!
You barely miss MDvedh's ghost.
You hit MDvedh's ghost but do no damage.
MDvedh's ghost hits you!
* * * LOW HITPOINT WARNING * * *
You barely miss MDvedh's ghost. MDvedh's ghost misses you.
You hit MDvedh's ghost.
MDvedh's ghost is lightly damaged.
You hit MDvedh's ghost but do no damage.
MDvedh's ghost is lightly damaged.
MDvedh's ghost completely misses you.
You puncture MDvedh's ghost!
MDvedh's ghost is moderately damaged.
You puncture MDvedh's ghost!
MDvedh's ghost is heavily damaged.
MDvedh's ghost hits you!
You die...

############.##.......
.(# #.#.......###
..### ###.#..........
)...# #.............
..### .# #.#.....|...#
..####.# #.##........#
.......# #.##....#...#
.......###.##........#
.......#........@W...#
.......######.###....#
...###.# #.###....#
...# #.# #........#
...# #.# #.###..#.#
...###.## #.# #.##.#
........#####.# #....#
#.......##....# #>##.#
#.......##.##.# #.####


You could see MDvedh's ghost.

Vanquished Creatures
  A hound (D:4)
  6 adders
  A shadow imp (D:4)
  An ooze (D:3)
  4 worms
  4 dart slugs
  A giant gecko (D:3)
  3 ball pythons (D:2)
  4 bats
  4 giant cockroaches
  7 goblins
  11 hobgoblins
  10 jackals
  3 kobolds
  A quokka (D:3)
  5 giant newts
  11 rats
77 creatures vanquished.

Notes
Turn   | Place    | Note
--------------------------------------------------------------
     0 | D:1      | MDvedh the Merfolk Gladiator began the quest for the Orb.
     0 | D:1      | Reached XP level 1. HP: 16/16 MP: 1/1
   221 | D:1      | Reached skill level 5 in Polearms
   230 | D:1      | Reached XP level 2. HP: 18/22 MP: 2/2
   833 | D:2      | Reached skill level 6 in Polearms
   833 | D:2      | Reached XP level 3. HP: 10/27 MP: 3/3
  1392 | D:2      | Reached XP level 4. HP: 31/33 MP: 4/4
  1422 | D:2      | Reached skill level 7 in Polearms
  2196 | D:3      | Reached skill level 8 in Polearms
  2200 | D:3      | Reached XP level 5. HP: 19/38 MP: 5/5
  2696 | D:4      | Noticed MDvedh's ghost (novice GrFi)
  2851 | D:4      | Found Rycenluxt's Magic Scroll Emporium.
  2860 | D:4      | Bought a scroll of identify for 24 gold pieces
  2860 | D:4      | Bought a scroll of enchant weapon for 90 gold pieces
  2860 | D:4      | Bought a scroll of remove curse for 36 gold pieces
  2867 | D:4      | Gained mutation: You are weak. (Str -2) [potion of mutation]
  2867 | D:4      | Gained mutation: Armour fits poorly on your strangely shaped body. [potion of mutation]
  2867 | D:4      | Gained mutation: Your mind is acute. (Int +2) [potion of mutation]
  2868 | D:4      | Lost mutation: Armour fits poorly on your strangely shaped body. [potion of cure mutation]
  2868 | D:4      | Lost mutation: Your mind is acute. (Int +2) [potion of cure mutation]
  3043 | D:4      | Found an oddly glowing altar of Pakellas.
  3074 | D:4      | Reached skill level 9 in Polearms
  3401 | D:4      | Slain by MDvedh's ghost

Skill      XL: |  1  2  3  4  5 |
---------------+----------------+-----
Polearms       | 5 6 8 9 |  9.0
Fighting       | |  2.1
Throwing       | |  2.0
Dodging        | |  4.0

Action                   |  1- 3 |  4- 6 || total
-------------------------+-------+-------++-------
Melee: Trident           |   143 |   174 ||   317
  Use: Scroll            |       |     7 ||     7
       Potion            |       |     3 ||     3
  Eat: Chunk             |     2 |     4 ||     6
       Beef jerky        |       |     1 ||     1
       Bread ration      |       |     1 ||     1
Armor: Leather armour    |    29 |    27 ||    56
       Ring mail         |       |    14 ||    14
Dodge: Dodged            |    72 |    86 ||   158
